 Dungeon Crawl Stone Soup version 0.29.1 (webtiles) character file.

Game seed: 8135029401776874878

121 Icepheonix32 the Covered (level 4, -3/61 HPs)
             Began as a Minotaur Fighter on Sept 13, 2022.
             Slain by Sigmund
             ... wielding a +0 scythe
              (7 damage)
             ... on level 2 of the Dungeon.
             The game lasted 00:01:56 (1491 turns).

Icepheonix32 the Covered (Minotaur Fighter)         Turns: 1491, Time: 00:01:56

Health: -3/61      AC: 22    Str: 20 (23) XL:     4   Next: 76%
Magic:  3/3        EV:  2    Int:  2 (5)  God:
Gold:   32         SH:  4    Dex:  6 (9)  Spells: 3/3 levels left

rFire   . . .      SeeInvis .   a - +0 war axe
rCold   . . .      Faith    .   c - +0 buckler
rNeg    . . .      Spirit   .   (body armour currently unavailable)
rPois   +          Reflect  .   (helmet currently unavailable)
rElec   .          Harm     .   (cloak currently unavailable)
rCorr   .          Rampage  .   (gloves currently unavailable)
Will    .....      NoTele   +   (boots currently unavailable)
Stlth   +.........              (no amulet)
HPRegen 0.20/turn               (no ring)
MPRegen 0.08/turn               (no ring)

@: mighty, tree-form, hasted, very quick
A: stationary, stasis, torment immunity, boosted hp, (horns 2), (retaliatory
headbutt)
a: no special abilities


You were on level 2 of the Dungeon.
You were a tree.
You visited 1 branch of the dungeon, and saw 2 of its levels.

You collected 32 gold pieces.

Inventory:

Hand Weapons
 a - a +0 war axe (weapon)
 e - a +2 dagger of flaming
 f - a +2 dagger of draining
Armour
 b - a +0 scale mail (melded)
 c - a +0 buckler (worn)
 i - a +2 cloak (melded)
Jewellery
 q - a ring of magical power
Scrolls
 h - a scroll of poison {unknown}
 l - a scroll of magic mapping {unknown}
 m - a scroll of silence {unknown}
 p - a scroll of teleportation {unknown}
 r - a scroll of torment {unknown}
 t - a scroll of vulnerability {unknown}
Potions
 s - a potion of brilliance {unknown}


   Skills:
 + Level 4.3 Fighting
 + Level 4.0 Axes
 + Level 4.7 Armour
 + Level 0.5 Dodging
 + Level 4.1 Shields


You had 3 spell levels left.
You didn't know any spells.
Your spell library contained the following spells:

 Spells                   Type           Power      Damage    Failure   Level
 Beastly Appendage        Tmut           0%         N/A       63%         1
 Wereblood                Tmut           0%         N/A       77%         2
 Portal Projectile        Hex/Tloc       0%         N/A       94%         3
 Spider Form              Tmut/Pois      0%         N/A       94%         3
 Tukima's Dance           Hex            0%         N/A       94%         3
 Summon Ice Beast         Ice/Summ       0%         N/A       100%        4
 Blade Hands              Tmut           0%         N/A       100%        5
 Summon Mana Viper        Hex/Summ       0%         N/A       100%        5
 Monstrous Menagerie      Summ           0%         N/A       100%        7


Dungeon Overview and Level Annotations

Branches:
Dungeon (2/15)

Altars:

Annotations:
D:2 Sigmund


Innate Abilities, Weirdness & Mutations

You are a tree.
Your roots penetrate the ground, keeping you stationary.
You cannot be teleported.
You are immune to unholy pain and torment.
Your maximum health is greatly increased.
Your equipment is partially melded.
((You have a pair of horns on your head.))
((You reflexively headbutt those who attack you in melee.))


Message History

You cannot move.
You cannot move.
You cannot move.
You cannot move.
You cannot move.
You cannot move.
You cannot move.
You cannot move.
You cannot move.
You cannot move.
You cannot move.
You cannot move.
Unknown command.
You miss something. Something hits you but does no damage.
You closely miss something.
You hear some strange, mumbled words.
A magic dart appears from out of thin air!
The magic dart hits you but does no damage.
You miss something. Something hits you but does no damage.
You closely miss something. You block something's attack.
You barely miss something. You slash something!
Something hits you but does no damage.
You hit something.
You hear some strange, mumbled words.
Something tries to affect you, but you resist.
Something hits you!
* * * LOW HITPOINT WARNING * * *
You closely miss something. You barely miss something. Something hits you.
* * * LOW HITPOINT WARNING * * *
You closely miss something. Something hits you but does no damage.
It was a potion of flight.
Your roots keep you in place.
Something completely misses you.
It was a potion of degeneration.
There was something very wrong with that liquid.
You feel weakened.
You feel dopey.
You feel clumsy. Something hits you but does no damage.
It was a potion of haste.
You feel yourself speed up.
It was a potion of magic.
Magic courses through your body. Something hits you!
You die...

......).......♣P♣
......#....†P...♣.
.#
......#..........P.
##
................#..
#
..♣♣♣.#............
. ♣♣#.##......#..
.. ♣#.##.(....# .
♣..##.....##
♣♣##.....## ♣. ?.
♣{# ####.# .♣...
..# .♣.. . ...# ♣
.# .. ##..# ♣♣.#...
.### ♣.... ♣ ..#
..####


There were no monsters in sight!

Vanquished Creatures
  Natasha (twice) (D:2)
  An adder (D:2)
  2 worms (D:2)
  3 dart slugs (D:1)
  An orc (D:2)
  5 ball pythons
  2 endoplasms (D:2)
  4 giant cockroaches
  2 jackals (D:2)
  2 quokkas
  6 bats
  A frilled lizard (D:1)
  7 goblins
  5 kobolds (D:1)
  6 rats
49 creatures vanquished.

Vanquished Creatures (others)
  3 plants (D:2)
3 creatures vanquished.

Grand Total: 52 creatures vanquished

Notes
Turn   | Place    | Note
-------+----------+-------------------------------------------
     0 | D:1      | Icepheonix32 the Minotaur Fighter began the quest for the
                  | Orb.
     0 | D:1      | Reached XP level 1. HP: 19/19 MP: 0/0
   159 | D:1      | Reached XP level 2. HP: 16/27 MP: 1/1
   378 | D:1      | Found a faded altar of an unknown god.
   732 | D:1      | Reached XP level 3. HP: 32/33 MP: 2/2
  1198 | D:2      | Noticed Natasha
  1205 | D:2      | Killed Natasha
  1206 | D:2      | Reached XP level 4. HP: 34/41 MP: 3/3
  1339 | D:2      | Noticed Natasha
  1349 | D:2      | Killed Natasha
  1464 | D:2      | Noticed Sigmund
  1486 | D:2      | HP: 3/61 [something (1)]
  1491 | D:2      | Slain by Sigmund

Illustrated notes

Levels and vault maps discovered:
D:1:      matt_arrival_refuge, layout_basic, shapermc_ecumenical_altar_acropolis
D:2:      layout_rooms, serial_forest, infiniplex_forest_clump_long,
          infiniplex_forest_zigzag_1, infiniplex_forest_3_way,
          infiniplex_forest_clump_small, infiniplex_forest_straight_4,
          infiniplex_forest_end_2, infiniplex_forest_end_1,
          infiniplex_forest_zigzag_1, infiniplex_forest_clump_diagonal,
          uniq_sigmund, uniq_terence, uniq_natasha

Skill      XL: |  1  2  3  4 |
---------------+-------------+-----
Fighting       | 4 |  4.3
Armour         | 4 |  4.7
Shields        | 4 |  4.1
Axes           | 3 4 |  4.0
Dodging        | |  0.5

Action                   |  1- 3 |  4- 6 || total
-------------------------+-------+-------++-------
Melee: War axe           |    72 |    36 ||   108
       Headbutt          |    13 |     3 ||    16
  Use: Potion            |       |     6 ||     6
Armor: Scale mail        |    37 |    16 ||    53
       Skin              |       |     6 ||     6
Dodge: Dodged            |    33 |    17 ||    50
Block: Buckler           |    17 |     7 ||    24
